 Dungeon Sprint DCSS version 0.25-a0-589-g1e14c549ee (webtiles) character file.

Game seed: 1606560164723231921, levelgen mode: deterministic

8696 jt the Peltast (level 11, -19/74 HPs)
             Began as a Gargoyle Fighter on Mar 12, 2020.
             Was the Champion of Makhleb.
             Demolished by a large slime creature (23 damage)
             ... in the Dungeon (Sprint II: "The Violet Keep of Menkaure").
             The game lasted 00:19:33 (2694 turns).

jt the Peltast (Gargoyle Fighter)                   Turns: 2694, Time: 00:19:34

Health: -19/74     AC: 38    Str: 23    XL:     11   Next: 34%
Magic:  18/18      EV:  7    Int:  9    God:    Makhleb [******]
Gold:   166        SH: 14    Dex:  9    Spells: 10/10 levels left

rFire    . . .     SeeInvis .   a - +3 mace (protect)
rCold    . . .     Gourm    .   c - +0 kite shield
rNeg     + . .     Faith    +   j - +1 plate armour {MR+}
rPois    ∞         Spirit   .   v - +2 hat
rElec    +         Reflect  .   (no cloak)
rCorr    .         Harm     .   I - +2 pair of gloves
MR       ++...     NoTele   +   (no boots)
Stlth    ..........             u - amulet of faith
HPRegen  0.22/turn              (no ring)
MPRegen  0.16/turn              (no ring)

@: protection aura
A: molten scales 1, magic resistance 1, negative energy resistance 1, screaming
1, electricity resistance, unbreathing, petrification resistance, rot immunity,
AC +8
a: Minor Destruction, Lesser Servant of Makhleb, Major Destruction, Greater
Servant of Makhleb, Renounce Religion


You were in the Dungeon.
You worshipped Makhleb.
Makhleb was exalted by your worship.
You were not hungry.

You visited 1 branch You collected 1572 gold pieces.
You spent 1406 gold pieces at shops.

Inventory:

Hand Weapons
 a - a +3 mace of protection (weapon)
 d - a +0 arbalest
 g - a +3 halberd of venom
 q - a +1 dagger of venom
 r - a +0 shortbow
 y - a +0 long sword
 A - a +0 flail
 D - a +1 arbalest of flaming
 F - a +0 spear
Missiles
 l - 59 bolts
 p - 23 poisoned darts (quivered)
 s - 13 arrows
 G - 76 stones
Armour
 b - a +0 troll leather armour
 c - a +0 kite shield (worn)
 j - a +1 plate armour of magic resistance (worn)
 v - a +2 hat (worn)
 E - a +4 scale mail
 I - a +2 pair of gloves (worn)
Jewellery
 u - an amulet of faith (around neck)
Wands
 m - a wand of iceblast (3)
 C - a wand of acid (5)
 H - a wand of paralysis (10)
Scrolls
 k - a scroll of blinking
 t - a scroll of identify
 B - a scroll of remove curse
Potions
 e - 2 potions of curing
 h - a potion of haste
 i - 5 potions of magic
 n - 3 potions of flight
 o - a potion of might
 w - a potion of brilliance
 z - a potion of resistance
Comestibles
 f - a ration


   Skills:
 + Level 11.2 Fighting
 - Level 14.1 Maces & Flails
 + Level 11.1 Armour
 - Level 15.0 Shields
 + Level 8.0 Invocations
 - Level 10.0 Evocations


You had 10 spell levels left.
You didn't know any spells.
Your spell library was empty.

Dungeon Overview and Level Annotations

Branches:
Dungeon (1/1)

Altars:
Cheibriados
Dithmenos
Elyvilon
Fedhas
Gozag
Hepliaklqana
Kikubaaqudgha
Makhleb
Nemelex Xobeh
Okawaru
Qazlal
Ru
Sif Muna
Trog
Uskayaw
Vehumet
Wu Jian
Xom
Yredelemnul
Zin
The Shining One
Beogh
Jiyva
Lugonu

Shops:
D ?[:(*[(![!=*:}%=

Annotations:
D exclusion: oklob plant, Roxanne


Innate Abilities, Weirdness & Mutations

You are resistant to torment.
Your stone body is resilient. (AC +8)
You are immune to poison.
You resist negative energy. (rN+)
You are resistant to electric shocks. (rElec)
You can survive without breathing.
You are immune to petrification.
You are immune to rotting.
You are partially covered in molten scales. (AC +2)
You are resistant to hostile enchantments. (MR+)
You occasionally shout uncontrollably at your foes.


Message History

You block the slime creature's attack.
You hit the large slime creature.
The large slime creature is severely wounded.
You block the large slime creature's attack.
You hit the large slime creature.
The large slime creature is almost dead.
The slime creature hits you. The large slime creature hits you!
* * * LOW HITPOINT WARNING * * *
You hit the large slime creature.
The large slime creature is almost dead.
You block the slime creature's attack.
You hit the large slime creature but do no damage.
The large slime creature is almost dead.
The large slime creature hits you!!
* * * LOW HITPOINT WARNING * * *
You hit the large slime creature.
The large slime creature is almost dead.
The slime creature hits you but does no damage.
The large slime creature hits you!!
You die...

≈○○°≈≈≈≈≈*#++#*,,,+...▓0..▓,^,,,*
°°○≈°≈○≈**≈...###,#.○.▓▓▓▓▓▓▓▓▓▓*
°○○§°≈≈**,≈,....#*#.°°▓§≈≈≈§§≈≈▓▓
'○'#+++##***,...#,##=:▓▓▓▓▓▓▓▓▓▓▓
........#,,+,^..#,.#○○▓..)...).▓▓
.##+##..#,,####.#,.#}○▓[..))...▓▓
##...##.####..'.##.#)[▓..).....▓▓
#.##..#....#$.#JJ.####▓.[...[)[▓▓
##.######..#####@.##.#▓[)......▓▓
###'# #.##..#..†..#..#▓[[[.....▓▓
.##.###..#..#..#..#..#▓[.......▓▓
#'.<.'.##'..####..##.#▓).......▓▓
.##.###..#....###...##▓▓▓▓▓▓▓§▓▓▓
###'###.##......≈≈≈≈≈≈≈≈≈≈≈≈≈§..≈
###..####≈≈.....≈#'########'###.≈
#.##..#≈≈≈≈§≈≈..≈#..._._._#≈≈≈##≈
##.#.##≈≈≈≈≈≈≈≈.≈#_._._._.#≈≈§≈##


You could see a large slime creature and a slime creature.

Vanquished Creatures
  Kirke (D)
  A crystal guardian (D)
  A yaktaur captain (D)
  A centaur warrior (D)
  A skeletal warrior (D)
  2 deep trolls (D)
  A death drake (D)
  An elephant (D)
  A yaktaur (D)
  3 polar bears (D)
  A hornet (D)
  2 tyrant leeches (D)
  2 redbacks (D)
  2 neqoxecs (D)
  A vampire mosquito (D)
  2 swamp drakes (D)
  3 crocodiles (D)
  4 lava snakes (D)
  4 worker ants (D)
  3 worms (D)
37 creatures vanquished.

Vanquished Creatures (others)
  A kobold demonologist (D)
  2 neqoxecs (D)
  Menkaure (D)
  A crocodile (D)
  25 tentacles (D)
30 creatures vanquished.

Grand Total: 67 creatures vanquished

Notes
Turn   | Place    | Note
-------+----------+-------------------------------------------
     0 | D        | jt the Gargoyle Fighter began the quest for the Orb.
     0 | D        | Reached XP level 1. HP: 14/14 MP: 1/1
     1 | D        | Noticed a neqoxec
     1 | D        | Noticed a neqoxec
     6 | D        | Gained mutation: You are partially covered in molten
                  | scales. (AC +2) [a neqoxec]
    12 | D        | Killed a neqoxec
    12 | D        | Reached skill level 8 in Shields
    12 | D        | Reached XP level 2. HP: 15/19 MP: 2/2
    12 | D        | Reached XP level 3. HP: 19/23 MP: 3/3
    12 | D        | Reached XP level 4. HP: 23/28 MP: 4/4
    12 | D        | Reached XP level 5. HP: 26/32 MP: 5/5
    15 | D        | Gained mutation: You occasionally shout uncontrollably at
                  | your foes. [a neqoxec]
    17 | D        | Killed a neqoxec
    19 | D        | Gained mutation: You are resistant to hostile enchantments.
                  | (MR+) [a neqoxec]
    20 | D        | Killed Menkaure
    28 | D        | Killed a neqoxec
    28 | D        | Reached skill level 10 in Shields
    28 | D        | Reached XP level 6. HP: 24/37 MP: 6/6
    31 | D        | Killed a neqoxec
   154 | D        | Noticed an ice statue
   174 | D        | Noticed a tyrant leech
   174 | D        | Noticed a tyrant leech
   187 | D        | Found Tosihol's Jewellery Shop.
   188 | D        | Found Jieddelar's Gadget Boutique.
   188 | D        | Found Ecwuw's Food Boutique.
   189 | D        | Found Hodwaoc's Assorted Antiques.
   189 | D        | Found Fewoxt Haoss's Book Shop.
   190 | D        | Found Teghykh's Distillery.
   190 | D        | Found Capiqem's Jewellery Boutique.
   191 | D        | Found Nyvi's Distillery.
   191 | D        | Found Dolak's Antique Armour Shop.
   192 | D        | Found Zaosaj's Antique Weapon Shop.
   192 | D        | Found Pehearujye's Antique Armour Boutique.
   195 | D        | Found Luatze Xua's Assorted Antiques.
   195 | D        | Found Beidi's Antique Weapon Boutique.
   195 | D        | Noticed a spiny frog
   195 | D        | Noticed a spiny frog
   195 | D        | Noticed an oklob plant
   196 | D        | Found Allud's Armour Shop.
   196 | D        | Found Qyozatse's Magic Scroll Boutique.
   196 | D        | Found Hyffivan's Book Shoppe.
   196 | D        | Noticed a death yak
   214 | D        | Noticed an iron elemental
   273 | D        | Reached skill level 11 in Shields
   307 | D        | Bought a +1 plate armour of magic resistance for 385 gold
                  | pieces
   345 | D        | Noticed a vampire mosquito
   363 | D        | Killed a vampire mosquito
   363 | D        | Reached skill level 10 in Maces & Flails
   363 | D        | Reached XP level 7. HP: 27/41 MP: 7/7
   485 | D        | Bought a potion of flight for 33 gold pieces
   507 | D        | Identified Roxanne's Grimoire of Moulding
   507 | D        | Noticed Roxanne
   510 | D        | Found a hazy altar of Hepliaklqana.
   516 | D        | Found an ornate altar of the Wu Jian Council.
   516 | D        | Found a shimmering altar of Xom.
   516 | D        | Found a glowing golden altar of the Shining One.
   516 | D        | Found a basalt altar of Yredelemnul.
   516 | D        | Found a roughly hewn altar of Beogh.
   516 | D        | Found a snail-covered altar of Cheibriados.
   516 | D        | Found a stormy altar of Qazlal.
   516 | D        | Found a viscous altar of Jiyva.
   516 | D        | Found a sacrificial altar of Ru.
   516 | D        | Found an ancient bone altar of Kikubaaqudgha.
   516 | D        | Found a shimmering blue altar of Sif Muna.
   516 | D        | Found a bloodstained altar of Trog.
   517 | D        | Found a shadowy altar of Dithmenos.
   517 | D        | Found a corrupted altar of Lugonu.
   517 | D        | Found a hide-covered altar of Uskayaw.
   517 | D        | Found a glowing silver altar of Zin.
   522 | D        | Noticed a polar bear
   522 | D        | Noticed a polar bear
   523 | D        | Found a burning altar of Makhleb.
   523 | D        | Found a radiant altar of Vehumet.
   523 | D        | Found a white marble altar of Elyvilon.
   525 | D        | Noticed a yaktaur
   577 | D        | Killed a polar bear
   577 | D        | Reached skill level 12 in Shields
   586 | D        | Killed a polar bear
   586 | D        | Reached skill level 13 in Shields
   586 | D        | Reached XP level 8. HP: 21/46 MP: 8/8
   592 | D        | Killed a yaktaur
   793 | D        | Bought a wand of iceblast (6) for 140 gold pieces
   814 | D        | Noticed a hornet
   838 | D        | Killed a hornet
   838 | D        | Reached skill level 1 in Evocations
   873 | D        | Found a sparkling altar of Nemelex Xobeh.
   873 | D        | Found a blossoming altar of Fedhas.
   875 | D        | Found an iron altar of Okawaru.
   875 | D        | Found an opulent altar of Gozag.
   881 | D        | Became a worshipper of Makhleb the Destroyer
   889 | D        | Noticed a polar bear
   909 | D        | Killed a polar bear
   909 | D        | Reached skill level 14 in Shields
  1150 | D        | Noticed a kraken
  1175 | D        | Reached * piety under Makhleb
  1327 | D        | Reached XP level 9. HP: 41/51 MP: 10/12
  1592 | D        | Noticed a death drake
  1763 | D        | Killed a death drake
  1763 | D        | Reached skill level 5 in Evocations
  1772 | D        | Reached ** piety under Makhleb
  1772 | D        | Reached skill level 15 in Shields
  1864 | D        | Reached *** piety under Makhleb
  1883 | D        | Noticed a kobold demonologist
  1883 | D        | Noticed a yaktaur captain
  1914 | D        | Killed a kobold demonologist
  1916 | D        | Killed a tyrant leech
  1933 | D        | Killed a yaktaur captain
  1933 | D        | Reached **** piety under Makhleb
  1933 | D        | Reached XP level 10. HP: 61/61 MP: 13/15
  1958 | D        | Noticed a skeletal warrior
  1959 | D        | Noticed an elephant
  1981 | D        | Killed a skeletal warrior
  1990 | D        | Killed an elephant
  1999 | D        | Noticed a centaur warrior
  2011 | D        | Killed a centaur warrior
  2046 | D        | Reached ***** piety under Makhleb
  2057 | D        | Noticed Kirke
  2084 | D        | Noticed a manticore
  2086 | D        | Killed Kirke
  2086 | D        | Reached skill level 5 in Invocations
  2086 | D        | Reached XP level 11. HP: 72/72 MP: 16/18
  2101 | D        | Bought a wand of acid (6) for 280 gold pieces
  2105 | D        | Bought a brass wand for 108 gold pieces
  2105 | D        | Bought a silvery potion for 24 gold pieces
  2105 | D        | Bought a fizzy blue potion for 24 gold pieces
  2105 | D        | Bought 2 fizzy blue potions for 48 gold pieces
  2105 | D        | Bought a scroll labeled HOH RAEKHYR for 27 gold pieces
  2105 | D        | Bought a metallic puce potion for 24 gold pieces
  2109 | D        | Bought a ruby potion for 22 gold pieces
  2231 | D        | Noticed a deep troll
  2231 | D        | Noticed a deep troll
  2264 | D        | Killed a deep troll
  2264 | D        | Reached skill level 10 in Fighting
  2264 | D        | Reached skill level 10 in Armour
  2276 | D        | Killed a deep troll
  2276 | D        | Reached skill level 10 in Evocations
  2446 | D        | Bought a +2 pair of gloves for 181 gold pieces
  2475 | D        | Bought a potion of berserk rage for 55 gold pieces
  2475 | D        | Bought a potion of heal wounds for 55 gold pieces
  2501 | D        | Noticed a crystal guardian
  2511 | D        | Killed a crystal guardian
  2664 | D        | Reached ****** piety under Makhleb
  2694 | D        | Demolished by a large slime creature

Levels and vault maps discovered:
D:        the_violet_keep_of_menkaure [sprint2_stairs_cluster_1,
          sprint2_shoproom, sprint2_temple, sprint2_basic_supplies,
          sprint2_obstacle_2, sprint2_obstacle_6, sprint2_obstacle_5,
          sprint2_obstacle_7, sprint2_obstacle_4, sprint2_timed_cluster_1,
          sprint2_smallroom_cluster_1, sprint2_smallroom_final_cluster_1,
          sprint2_transparent_cluster_1, sprint2_second_timed_cluster_1,
          sprint2_sniper_area_1, sprint2_heavy_combat_area_1,
          sprint2_mutation_trap_area_1, sprint2_forest_area_1,
          sprint2_light_combat_area_1, sprint2_behind_water_1,
          sprint2_near_end_vault_1]

Skill      XL: |  1  2  3  4  5  6  7  8  9 10 11 |
---------------+----------------------------------+-----
Maces & Flails | 7 9 10 12 13 14 | 14.1
Shields        | 8 10 11 13 14 15 | 15.0
Evocations     | 4 7 9 10 | 10.0
Fighting       | 6 9 11 | 11.2
Armour         | 6 9 11 | 11.1
Invocations    | 5 8 |  8.0

Action                   |  1- 3 |  4- 6 |  7- 9 | 10-12 || total
-------------------------+-------+-------+-------+-------++-------
Melee: Flail             |     9 |    64 |    86 |       ||   159
       Mace              |       |       |    76 |   136 ||   212
Throw: Dart              |       |       |       |     6 ||     6
Evoke: Wand              |       |       |     3 |     1 ||     4
  Use: Potion            |     1 |     1 |     3 |    11 ||    16
       Scroll            |       |       |     3 |     6 ||     9
 Stab: Distracted        |       |       |       |     1 ||     1
  Eat: Chunk             |       |       |     2 |       ||     2
       Ration            |       |       |     1 |     1 ||     2
Armor: Scale mail        |       |    14 |       |       ||    14
       Plate armour      |       |    14 |    71 |    49 ||   134
Dodge: Dodged            |     1 |    12 |    19 |    14 ||    46
Block: Kite shield       |     3 |    26 |    93 |    55 ||   177

Table legend:
 A = Non-vault XP
 B = Vault XP
 C = Vault XP percentage of total XP
 D = Non-vault monster count
 E = Vault monster count
 F = Vault count percentage of total count
                 A         B        C        D         E       F
            +---------+---------+-------+---------+---------+-------
      Total |       0 |   12424 | 100.0 |       0 |      38 | 100.0
            +---------+---------+-------+---------+---------+-------
          D |       0 |   12424 | 100.0 |       0 |      38 | 100.0
            +---------+---------+-------+---------+---------+-------
